 Dungeon Crawl Stone Soup version 0.27.1-34-g3ba077fa99 (webtiles) character file.

Game seed: 11680088394735690613

558 Glamhuggeren the Slasher (level 7, 0/50 HPs)
             Began as a Demonspawn Gladiator on Jan 23, 2022.
             Slain by an ogre (11 damage)
             ... on level 5 of the Dungeon.
             The game lasted 00:12:41 (4993 turns).

Glamhuggeren the Slasher (Demonspawn Gladiator)     Turns: 4993, Time: 00:12:41

Health: 0/50       AC: 18    Str: 22    XL:     7   Next: 9%
Magic:  7/7        EV: 13    Int: 10    God:
Gold:   201        SH:  0    Dex: 14    Spells: 6/6 levels left

rFire    . . .     SeeInvis .   a - +2 long sword (protect)
rCold    . . .     Faith    .   (no shield)
rNeg     . . .     Spirit   .   m - +0 scale mail
rPois    .         Reflect  .   c - +0 helmet
rElec    .         Harm     .   (no cloak)
rCorr    .         Rampage  .   (no gloves)
Will     .....                  (no boots)
Stlth    ..........             (no amulet)
HPRegen  0.16/turn              h - +4 ring of protection
MPRegen  0.10/turn              t - +6 ring of strength

@: under a protective aura
A: repulsion field 2, demonic guardian 1
a: no special abilities


You were on level 5 of the Dungeon.
You visited 1 branch of the dungeon, and saw 5 of its levels.

You collected 201 gold pieces.

Inventory:

Hand Weapons
 a - a +2 long sword of protection (weapon)
Missiles
 d - a throwing net
 e - 233 stones
 q - 47 sling bullets
 s - 13 boomerangs (quivered)
 v - 8 poisoned darts
Armour
 b - a +0 leather armour
 c - a +0 helmet (worn)
 f - a +0 chain mail
 m - a +0 scale mail (worn)
Magical Staves
 k - a staff of earth
 w - a staff of fire
Jewellery
 h - a +4 ring of protection (left hand)
 t - a +6 ring of strength (right hand)
Wands
 j - a wand of flame (14)
Scrolls
 i - 2 scrolls of identify
 l - 2 scrolls of torment
 n - a scroll of amnesia
 o - a scroll of fog
 p - 2 scrolls of teleportation {unknown}
 r - a scroll of silence {unknown}
 u - a scroll of magic mapping {unknown}
Potions
 g - a potion of heal wounds


   Skills:
 - Level 2.0 Fighting
 * Level 7.5 Long Blades
 - Level 1.7 Throwing
 - Level 2.6 Dodging


You had 6 spell levels left.
You didn't know any spells.
Your spell library contained the following spells:

 Spells                   Type           Power      Damage    Failure   Level
 Corona                   Hex            0%         N/A       71%         1
 Summon Small Mammal      Summ           0%         N/A       71%         1
 Ensorcelled Hibernation  Hex/Ice        0%         N/A       85%         2
 Static Discharge         Conj/Air       0%         N/A       85%         2
 Call Canine Familiar     Summ           0%         N/A       97%         3
 Summon Guardian Golem    Hex/Summ       0%         N/A       97%         3
 Tukima's Dance           Hex            0%         N/A       97%         3
 Lightning Bolt           Conj/Air       0%         1d11      100%        5
 Maxwell's Capacitive Co  Air            0%         ∞         100%        8


Dungeon Overview and Level Annotations

Branches:
Dungeon (5/15)
 Temple: D:4-7

Altars:
Qazlal
Yredelemnul

Shops:
D:3 (   D:4 *   D:5 =?


Innate Abilities, Weirdness & Mutations

You are surrounded by a moderate repulsion field. (EV +3)
A weak demonic guardian rushes to your aid.


Message History

The scorpion zombie is moderately damaged.
Your shadow imp hits the scorpion zombie but does no damage.
The scorpion zombie hits you but does no damage.
You slash the scorpion zombie!
The scorpion zombie is severely damaged.
The ogre struggles against the net.
Your shadow imp closely misses the scorpion zombie.
The scorpion zombie hits you but does no damage.
You hit the scorpion zombie.
The scorpion zombie is severely damaged.
The ogre struggles against the net.
Your shadow imp hits the scorpion zombie.
The scorpion zombie hits your shadow imp.
The ogre struggles against the net.
You hit the scorpion zombie but do no damage.
The scorpion zombie is almost destroyed.
Your shadow imp hits the scorpion zombie.
The scorpion zombie hits you but does no damage.
You hit the scorpion zombie.
You destroy the scorpion zombie!
The ogre struggles against the net.
The net rips apart, and the ogre comes free!
You hit the ogre but do no damage.
The ogre is heavily wounded.
Your shadow imp gestures at the ogre.
The ogre struggles to resist.
The ogre hits you with a +0 giant club!!
* * * LOW HITPOINT WARNING * * *
Throw: 13 boomerangs
Press: ? - help, Q - select action, (/) - cycle Shift-Dir - straight line, f/p - ogre
Aim: an ogre, wielding a +0 giant club (blue smoke, heavily wounded, ally target, 74% to hit)
You throw a boomerang. The boomerang barely misses the ogre.
Your shadow imp hits the ogre.
Your shadow imp barely misses the ogre.
You barely miss the ogre.
The ogre is severely wounded.
The ogre closely misses you.
Your shadow imp hits the ogre.
You hit the ogre.
The ogre is almost dead.
The ogre hits you with a +0 giant club!
You die...

.. #.... ...#
#.8......#
##...#..... #
8.§§8.....
###.###§§§#... <
#.....8§§§8. ...
#.....§@§§#.....
#.....8§O§8...?.
......§§5§#§....
....∩.§§8§.§ ...
.......§§§§... .
...!..§.........
................
........#######.
#######


You could see an ogre (ally target) and a friendly shadow imp (summoned).

Vanquished Creatures
  An ogre (D:4)
  A phantom (D:4)
  A hound (D:4)
  A scorpion zombie (D:5)
  8 gnolls
  6 adders
  An ufetubus (D:4)
  3 worms (D:2)
  4 dart slugs
  8 orcs
  5 endoplasms
  A giant cockroach (D:1)
  42 goblins
  34 hobgoblins
  6 quokkas
  6 ball pythons
  4 bats
  6 frilled lizards
  5 kobolds
  4 rats
147 creatures vanquished.

Vanquished Creatures (collateral kills)
  2 gnolls (D:4)
  An adder (D:2)
  A worm (D:2)
  3 orcs (D:3)
  A hobgoblin (D:4)
  2 kobolds
  A frilled lizard (D:2)
  A goblin (D:2)
12 creatures vanquished.

Grand Total: 159 creatures vanquished

Notes
Turn   | Place    | Note
-------+----------+-------------------------------------------
     0 | D:1      | Glamhuggeren the Demonspawn Gladiator began the quest for
                  | the Orb.
     0 | D:1      | Reached XP level 1. HP: 16/16 MP: 1/1
    38 | D:1      | Reached skill level 3 in Long Blades
   302 | D:1      | Gained mutation: A weak demonic guardian rushes to your
                  | aid. [demonic ancestry]
   302 | D:1      | Reached XP level 2. HP: 21/22 MP: 2/2
   771 | D:1      | Found a faded altar of an unknown god.
  1191 | D:2      | Reached XP level 3. HP: 27/27 MP: 3/3
  1268 | D:2      | Reached skill level 4 in Long Blades
  1745 | D:2      | Gained mutation: You are surrounded by a mild repulsion
                  | field. (EV +2) [demonic ancestry]
  1745 | D:2      | Reached XP level 4. HP: 24/33 MP: 4/4
  2039 | D:2      | Found a stormy altar of Qazlal.
  2316 | D:2      | Reached skill level 5 in Long Blades
  2714 | D:3      | Found a basalt altar of Yredelemnul.
  2848 | D:3      | Found Hoamirod's Antique Weapon Shoppe.
  2902 | D:3      | Reached XP level 5. HP: 28/38 MP: 5/5
  3238 | D:4      | Noticed a phantom
  3253 | D:4      | Killed a phantom
  3254 | D:4      | Reached skill level 6 in Long Blades
  3709 | D:4      | Gained mutation: You are surrounded by a moderate repulsion
                  | field. (EV +3) [demonic ancestry]
  3709 | D:4      | Reached XP level 6. HP: 43/44 MP: 6/6
  3791 | D:4      | Found Utoetef's Assorted Antiques.
  4304 | D:4      | Reached skill level 7 in Long Blades
  4781 | D:4      | Reached XP level 7. HP: 50/50 MP: 7/7
  4977 | D:5      | Entered Level 5 of the Dungeon
  4977 | D:5      | Found Pygemy's Magic Scroll Boutique.
  4977 | D:5      | Found Nogided's Jewellery Boutique.
  4993 | D:5      | Slain by an ogre

Illustrated notes

Levels and vault maps discovered:
D:1:      lightli_arrival_quake, layout_basic,
          hellmonk_ecumenical_altar_leap_of_faith
D:2:      minmay_chambers_of_twos, layout_loops_corners, basic_altar
D:3:      layout_rooms, mainiacjoe_overflow_brackets, serial_shops, shop_statue
D:4:      minmay_goblin_kobold_castle, layout_gridville, serial_shops, shop
D:5:      layout_basic, minmay_temple_entry_fiery, serial_shops, shop,
          gup_sewer_entry_pipe, nicolae_stop_n_shop_2, cheibrodos_gnoll_hut

Skill      XL: |  1  2  3  4  5  6 |
---------------+-------------------+-----
Long Blades    | 3 4 5 6 7 |  7.5
Fighting       | |  2.0
Throwing       | |  1.7
Dodging        | |  2.6

Action                   |  1- 3 |  4- 6 |  7- 9 || total
-------------------------+-------+-------+-------++-------
Melee: Long sword        |    90 |   249 |    40 ||   379
Throw: Boomerang         |       |    11 |     1 ||    12
       Throwing net      |       |     1 |     1 ||     2
  Use: Scroll            |       |       |     4 ||     4
 Stab: Sleeping          |     1 |       |       ||     1
       Held in net/web   |       |     1 |       ||     1
Armor: Leather armour    |    25 |     3 |       ||    28
       Scale mail        |       |   109 |    10 ||   119
Dodge: Dodged            |    51 |   187 |    23 ||   261
       Rpst.: Long sword |    12 |    43 |     5 ||    60
